 Dungeon Crawl Stone Soup version 0.19-a0-1254-gb9c29c0 (webtiles) character file.

298070 hairmachine the Severer (level 20, -2/258 HPs)
             Began as a Demonspawn Berserker on Aug 25, 2016.
             Was the Champion of Trog.
             Slain by a vault warden
             ... wielding a +0 dire flail
              (6 damage)
             ... on level 2 of the Vaults on Aug 27, 2016.
             The game lasted 03:00:12 (69738 turns).

hairmachine the Severer (Demonspawn Berserker)     Turns: 69738, Time: 03:00:12

Health: -2/258     AC: 26    Str: 31    XL:     20   Next: 11%
Magic:  0/25       EV: 18    Int:  9    God:    Trog [******]
Gold:   1397       SH:  0    Dex: 18    Spells: 0 memorised, 19 levels left

rFire  + . .     SeeInvis .     O - +9 executioner's axe (flame)
rCold  + . .     Gourm    .     G - +7 plate armour {MR+}
rNeg   + + +     Faith    .     (shield currently unavailable)
rPois  +         Spirit   +     (helmet restricted)
rElec  +         Dismiss  .     k - +0 cloak {+Inv}
rCorr  .         Reflect  .     (gloves unavailable)
MR     ++++.     Harm     .     (boots unavailable)
Stlth  ..........               e - amulet of the Air {Inacc +Fly rElec EV+5 RMsl}
                                q - ring of Makhleb's Generosity {+Fly rPois rC+ rN++}
                                o - +5 ring of strength

@: berserking, lethally poisoned (-2 -> -2), regenerating, repel missiles, very
quick
A: antennae 1, claws 3, talons 3, fire resistance 1, negative energy resistance
1, 50% torment resistance, magic shield, magic regeneration, magic link, flame
cloud immunity
a: Berserk, Trog's Hand, Brothers in Arms, Burn Spellbooks, Renounce Religion,
Evoke Invisibility, Evoke Flight
}: 2/15 runes: decaying, serpentine


You were on level 2 of the Vaults.
You worshipped Trog.
Trog was exalted by your worship.
You were very hungry.

You visited 6 branches of the dungeon, and saw 33 of its levels.
You visited 1 bazaar.

You collected 3367 gold pieces.
You spent 1970 gold pieces at shops.

Inventory:

Hand Weapons
 s - a +2 great mace of protection
 O - a +9 executioner's axe of flaming (weapon)
Missiles
 F - 4 poisoned tomahawks (quivered)
Armour
 k - a +0 cloak of invisibility (worn)
 G - a +7 plate armour of magic resistance (worn)
Rods
 n - a -3 rod of clouds (13/13)
   (You found it on level 3 of the Snake Pit)
Jewellery
 e - the amulet of the Air (around neck) {Inacc +Fly rElec EV+5 RMsl}
   (You found it on level 1 of the Snake Pit)

   [amulet of inaccuracy]

   It reduces the accuracy of all your attacks.
   It affects your evasion (+5).
   It insulates you from electricity.
   It lets you fly.
   It protects you from missiles.
 o - a +5 ring of strength (left claw)
 q - the ring of Makhleb's Generosity (right claw) {+Fly rPois rC+ rN++}
   (You acquired it on level 1 of the Swamp)

   [ring of protection from cold]

   It protects you from cold.
   It protects you from poison.
   It greatly protects you from negative energy.
   It lets you fly.
Wands
 d - a wand of heal wounds (4/9)
 r - a wand of digging (19/24)
 t - a wand of lightning (3/15)
 u - a wand of iceblast (7/15)
 w - a wand of hasting (3/9)
 L - a wand of hasting (5/9)
 M - a wand of acid (2/15)
 T - a wand of slowing (33/48)
 U - a wand of lightning (10/15)
 W - a wand of polymorph (13/24)
 Z - a wand of iceblast (6/15)
Scrolls
 a - 2 scrolls of identify
 b - 13 scrolls of remove curse
 g - 2 scrolls of holy word
 l - 4 scrolls of magic mapping
 m - 2 scrolls of recharging
 y - 3 scrolls of blinking
 E - 16 scrolls of teleportation
 S - 3 scrolls of fear
 X - 2 scrolls of fog {unknown}
Potions
 f - a potion of invisibility
 i - 2 potions of agility
 j - 2 potions of cancellation
 p - 7 potions of curing
 v - 2 potions of mutation {unknown}
 x - 7 potions of haste
 z - 5 potions of berserk rage {unknown}
 A - 2 potions of ambrosia {unknown}
 B - 6 potions of brilliance
 C - 4 potions of might
 D - 9 potions of lignification
 H - 3 potions of cure mutation {unknown}
 J - 3 potions of resistance {unknown}
 K - 2 potions of heal wounds
 Y - 2 potions of magic
Miscellaneous
 h - 2 phantom mirrors
 I - a fan of gales
 R - a box of beasts
Comestibles
 c - 18 bread rations
 N - 3 meat rations
 P - 31 fruits
 Q - a slice of pizza
 V - 2 chunks of flesh


   Skills:
 + Level 18.4 Fighting
 + Level 20.9 Axes
 + Level 16.6 Armour
 - Level 6.6 Dodging
 + Level 7.6 Evocations


You had 19 spell levels left.
You didn't know any spells.

Dungeon Overview and Level Annotations

Branches:
Dungeon (15/15)            Temple (0/1) D:5            Lair (6/6) D:8
  Swamp (4/4) Lair:4        Snake (4/4) Lair:3        Slime (0/5) Lair:5
    Orc (2/2) D:9             Elf (0/3) Orc:2        Vaults (2/5) D:14
 Depths (0/5) D:15
  Crypt: Vaults:2-3

Altars:
Dithmenos
Elyvilon
Gozag
Okawaru
Qazlal
Uskayaw
Vehumet
Yredelemnul
Beogh

Shops:
D:4 ::}[   D:6 (   D:7 ?   D:11 [   D:14 ?   Orc:1 *   Orc:2 =*[   Snake:3 [
Vaults:1 [(?   Vaults:2 =:*(

Annotations:
D:13 exclusion: obsidian statue


Innate Abilities, Weirdness & Mutations

You have a pair of small antennae on your head.
You have claws for hands.
You have claws for feet.
Your flesh is heat resistant. (rF+)
You resist negative energy. (rN+)
You are somewhat able to resist unholy torments (1 in 2 success).
When hurt, damage is shared between your health and your magic reserves.
You regenerate magic rapidly.
When low on magic, you restore magic in place of health.
You are immune to clouds of flame.


Message History

You burn the ironbrand convoker.
You kill the ironbrand convoker!
Trog accepts your kill. Something appears before you! Trog grants you a gift!
Trog appreciates your killing of a magic user.
You slash the war gargoyle! You burn the war gargoyle.
You destroy the war gargoyle!
Trog accepts your kill.
You slash the vault warden! You burn the vault warden.
You claw the vault warden, but do no damage.
The vault warden is lightly wounded.
You feel sick.
A centaur warrior comes into view.
You slice the vault warden!! You burn the vault warden!
You claw the vault warden.
The vault warden is heavily wounded.
The runic seal fades away.
The vault warden hits you with a dire flail!
You die...

..#*,,,*,*,,,*,*,* #........#
..#*,*******,***,* #........#
###*,,,,,,,,,,,*,*######'########
.# *,***pu,,,***,*#..............
.# *,*,,...,,*,,,*#..............
.# *,***.....######..............
.# *,,,*...?..{cp##..............
.# *,***.#.#.#e#p##..............
.# *,,,*,*,*,#.#@##..............
.# *****,#######)##..............
.# *,,,,,#.......##....######'##.
###############+###....#.......#.
.......................#.......#.
.......................#.......#.
.......................#.......#.
.......................#.......#.
...................)...#.......#.


You could see a vault warden, a centaur warrior and an ironbrand convoker.

Vanquished Creatures
  the Lernaean hydra (Swamp:4)
  Vashnia (Snake:4)
  Rupert (Snake:1)
  Jorgrun (Swamp:3)
  3 thorn hunters
  Donald (Snake:3)
  Kirke (D:13)
  12 greater nagas
  2 fire giants
  4 vault wardens
  6 ironheart preservers
  A stone giant (Orc:2)
  A war gargoyle (Vaults:2)
  3 very ugly things (Vaults:2)
  An entropy weaver (Vaults:2)
  Snorg (Lair:5)
  An ettin (Vaults:2)
  A deep elf death mage (Vaults:1)
  A fire dragon (Vaults:1)
  2 minotaurs (D:13)
  The ghost of JustSomeDude the Blocker, a journeyman DsFi of Yredelemnul (D:13)
  2 vault guards
  5 yaktaur captains (Vaults:1)
  Josephine (Lair:5)
  2 rakshasas
  2 ghost crabs
  21 naga warriors
  Fannar (Lair:2)
  12 anacondas
  35 hydras
  3 ogre magi
  6 centaur warriors
  The ghost of slayr the Nimble, a journeyman DEFE of Vehumet (D:10)
  2 tengu warriors
  11 alligators
  4 death yaks (D:13)
  5 orc high priests
  23 naga sharpshooters
  8 shock serpents
  A shadow wraith (Vaults:1)
  3 deep elf knights (Vaults:1)
  A fire crab (shapeshifter) (D:14)
  7 salamander mystics
  2 unseen horrors
  A wizard (Vaults:2)
  A spriggan druid (Swamp:3)
  16 swamp dragons
  7 naga ritualists
  3 shambling mangroves
  6 hill giants
  11 orc knights
  A deep elf archer (Vaults:2)
  6 ironbrand convokers
  An anubis guard (shapeshifter) (D:15)
  A phantasmal warrior (Vaults:2)
  3 griffons
  16 mana vipers
  14 ugly things
  A manticore (D:15)
  12 salamanders
  14 deep elf magi
  6 orc sorcerers
  4 wolf spiders
  6 hornets
  7 cyclopes
  7 elephants (Lair:5)
  31 naga magi
  A moth of wrath (shapeshifter) (D:14)
  A black mamba (shapeshifter) (D:14)
  58 black mambas
  5 vault sentinels
  7 guardian serpents
  A gargoyle (D:13)
  A spiny frog (shapeshifter) (Vaults:2)
  2 centaur skeletons (D:15)
  33 spiny frogs
  3 kobold demonologists
  18 yaktaurs
  2 efreet
  7 komodo dragons
  2 rime drakes (Lair:5)
  2 freezing wraiths
  3 tengu conjurers
  A jumping spider (Vaults:2)
  A queen bee (shapeshifter) (D:14)
  7 trolls
  8 polar bears
  A polar bear (shapeshifter) (Vaults:1)
  6 giant leeches
  6 bog bodies
  A raiju (shapeshifter) (Vaults:1)
  11 two-headed ogres
  20 blink frogs
  47 slime creatures
  A dream sheep (shapeshifter) (D:15)
  Prince Ribbit (D:7)
  Sigmund (D:6)
  4 shadows
  2 centaur simulacra (D:15)
  A spriggan (Swamp:4)
  2 vampires
  41 yaks
  9 wyverns
  5 wraiths
  11 hippogriffs
  3 basilisks
  Grum (D:11)
  3 hogs (D:13)
  4 hungry ghosts
  15 vampire mosquitoes
  Menkaure (D:6)
  11 swamp worms
  3 mottled dragons
  An insubstantial wisp (Swamp:3)
  2 wargs
  64 nagas
  A soldier ant (D:13)
  24 water moccasins
  15 swamp drakes
  9 porcupines
  9 black bears
  3 ice beasts
  6 sky beasts
  26 orc warriors
  19 ogres
  4 boggarts (D:15)
  7 wasps
  8 wolves
  2 eyes of draining
  A phantom (D:5)
  2 necrophages
  22 centaurs
  15 crocodiles
  8 big kobolds
  24 giant frogs
  A wyvern zombie (D:13)
  4 scorpions
  5 killer bees (D:6)
  20 wights
  5 electric eels (Lair:4)
  6 howler monkeys
  9 crimson imps
  2 centaur zombies
  3 giant frog zombies
  15 orc priests
  17 hounds
  A giant frog skeleton (D:9)
  4 jellies
  10 iguanas
  33 orc wizards
  19 worker ants
  4 removed
  MONS_SHEEPs (Lair:6)
  2 hound zombies
  3 howler monkey zombies
  3 worker ant zombies
  17 adders
  11 gnolls
  A howler monkey skeleton (D:9)
  36 river rats
  5 shadow imps
  An ooze (D:6)
  2 worms
  4 adder skeletons
  3 dart slugs
  7 giant geckos
  93 orcs
  4 ball pythons
  3 giant cockroaches
  4 goblins
  6 hobgoblins
  17 jackals
  19 kobolds
  7 quokkas
  7 bats
  4 giant newts
  A quokka skeleton (D:6)
  3 rats
  4 briar patches (Swamp:1)
  6 fungi
  9 plants
1465 creatures vanquished.

Vanquished Creatures (collateral kills)
  A naga warrior (Snake:4)
  A naga sharpshooter (Snake:4)
  3 nagas (Snake:4)
5 creatures vanquished.

Vanquished Creatures (others)
  A hornet (Swamp:4)
  A salamander (Snake:4)
  A centaur (Vaults:1)
  An electric eel (D:13)
  An orc priest (Orc:2)
  2 briar patches (Swamp:1)
  29 fungi
  32 plants
68 creatures vanquished.

Grand Total: 1538 creatures vanquished

Notes
Turn   | Place    | Note
-------+----------+-------------------------------------------
     0 | D:1      | hairmachine the Demonspawn Berserker began the quest for the Orb.
     0 | D:1      | Reached XP level 1. HP: 18/18 MP: 1/1
   352 | D:1      | Reached skill level 3 in Axes
   463 | D:1      | Gained mutation: Your flesh is heat resistant. (rF+) [demonic ancestry]
   463 | D:1      | Reached XP level 2. HP: 22/24 MP: 2/2
  1176 | D:1      | Gained mutation: You have sharp toenails. [demonic ancestry]
  1176 | D:1      | Reached XP level 3. HP: 27/29 MP: 3/3
  1408 | D:2      | Found an opulent altar of Gozag.
  1544 | D:2      | Reached skill level 4 in Axes
  1549 | D:2      | Reached ** piety under Trog
  2504 | D:3      | Gained mutation: You are immune to clouds of flame. [demonic ancestry]
  2504 | D:3      | Reached XP level 4. HP: 32/35 MP: 4/4
  3101 | D:3      | Found a shadowy altar of Dithmenos.
  3264 | D:3      | Reached skill level 5 in Axes
  3275 | D:3      | Reached XP level 5. HP: 35/41 MP: 5/5
  3324 | D:3      | Noticed a centaur
  3336 | D:3      | Killed a centaur
  3523 | D:4      | Reached *** piety under Trog
  3550 | D:4      | Reached skill level 6 in Axes
  3716 | D:4      | Gained mutation: When hurt, damage is shared between your health and your magic reserves. [demonic ancestry]
  3716 | D:4      | Reached XP level 6. HP: 36/47 MP: 6/6
  4051 | D:4      | Found Xunodgh's Antique Armour Boutique.
  4125 | D:4      | Found Engaq's Book Boutique.
  4912 | D:4      | Found Veovvit's Book Shoppe.
  4932 | D:4      | Gained mutation: You have a pair of small antennae on your head. [demonic ancestry]
  4932 | D:4      | Reached XP level 7. HP: 47/52 MP: 4/7
  4998 | D:4      | Noticed a wyvern
  5012 | D:4      | Killed a wyvern
  5012 | D:4      | Reached skill level 7 in Axes
  5286 | D:4      | Found Qeinaunt's Gadget Boutique.
  5612 | D:5      | Entered Level 5 of the Dungeon
  6100 | D:5      | Reached skill level 8 in Axes
  6210 | D:5      | Found an iron altar of Okawaru.
  6352 | D:5      | Gained mutation: You regenerate magic rapidly. [demonic ancestry]
  6352 | D:5      | Reached XP level 8. HP: 23/58 MP: 4/8
  6904 | D:6      | Noticed Menkaure
  6918 | D:6      | Killed Menkaure
  7061 | D:6      | Noticed a hand axe
  7062 | D:6      | Noticed a hand axe
  7062 | D:6      | Found a hide-covered altar of Uskayaw.
  7096 | D:6      | Reached skill level 9 in Axes
  7103 | D:6      | Reached skill level 5 in Armour
  7956 | D:5      | Found a staircase to the Ecumenical Temple.
  7970 | D:5      | Reached **** piety under Trog
  8600 | D:6      | Noticed Sigmund
  8613 | D:6      | Gained mutation: You have sharp fingernails. [demonic ancestry]
  8613 | D:6      | Reached XP level 9. HP: 47/65 MP: 4/9
  8623 | D:6      | Killed Sigmund
  9239 | D:6      | Reached skill level 10 in Axes
  9381 | D:6      | Found a radiant altar of Vehumet.
  9881 | D:6      | Found Obbibumu's Weapon Shop.
 10386 | D:6      | Reached skill level 5 in Fighting
 11106 | D:7      | Found Juhilurr's Magic Scroll Boutique.
 11272 | D:7      | Bought a scroll of blinking for 120 gold pieces
 11272 | D:7      | Bought a scroll of teleportation for 48 gold pieces
 11272 | D:7      | Bought 2 scrolls of teleportation for 96 gold pieces
 11341 | D:7      | Noticed Prince Ribbit
 11397 | D:6      | Reached ***** piety under Trog
 11649 | D:7      | Killed Prince Ribbit
 11843 | D:7      | Gained mutation: You have razor-sharp toenails. [demonic ancestry]
 11843 | D:7      | Reached XP level 10. HP: 76/76 MP: 10/10
 11868 | D:7      | Found a basalt altar of Yredelemnul.
 11878 | D:7      | Received a gift from Trog
 11979 | D:7      | Found a white marble altar of Elyvilon.
 12002 | D:7      | Reached skill level 11 in Axes
 12149 | D:8      | Got an ancient ring mail
 12166 | D:8      | Identified the +7 ring mail of Qopaaggy {rElec rN+ Int-3} (You found it on level 8 of the Dungeon)
 12266 | D:8      | Found a staircase to the Lair.
 12354 | D:8      | Found a radiant altar of Vehumet.
 12853 | Lair:1   | Entered Level 1 of the Lair of Beasts
 12903 | Lair:1   | Noticed a black mamba
 12914 | Lair:1   | Killed a black mamba
 13160 | Lair:1   | Noticed a spiny frog
 13168 | Lair:1   | Killed a spiny frog
 13310 | Lair:1   | Noticed a spiny frog
 13324 | Lair:1   | Killed a spiny frog
 13371 | Lair:1   | Reached skill level 1 in Evocations
 13668 | Lair:1   | Noticed a spiny frog
 13672 | Lair:1   | Killed a spiny frog
 14319 | Lair:1   | Reached skill level 12 in Axes
 14716 | Lair:2   | Gained mutation: You have claws for feet. [demonic ancestry]
 14716 | Lair:2   | Reached XP level 11. HP: 84/84 MP: 11/13
 14760 | Lair:2   | Noticed a five-headed hydra
 14775 | Lair:2   | Killed a five-headed hydra
 16183 | Lair:2   | Noticed a five-headed hydra
 16188 | Lair:2   | Noticed Fannar
 16260 | Lair:2   | Killed a five-headed hydra
 16956 | Lair:1   | Noticed a six-headed hydra
 16965 | Lair:1   | Killed a six-headed hydra
 16965 | Lair:1   | Reached skill level 13 in Axes
 17354 | Lair:2   | Reached skill level 5 in Dodging
 17395 | Lair:2   | Killed Fannar
 17565 | Lair:2   | Reached XP level 12. HP: 86/94 MP: 15/15
 18583 | Lair:3   | Received a gift from Trog
 18857 | Lair:3   | Found a staircase to the Snake Pit.
 19895 | Lair:4   | Noticed a five-headed hydra
 19896 | Lair:4   | Noticed a five-headed hydra
 19973 | Lair:3   | Killed a five-headed hydra
 20104 | Lair:3   | Killed a five-headed hydra
 20475 | Lair:4   | Noticed an eight-headed hydra
 20492 | Lair:4   | Killed an eight-headed hydra
 20492 | Lair:4   | Reached skill level 14 in Axes
 20657 | Lair:4   | Noticed an eight-headed hydra
 20667 | Lair:4   | Killed an eight-headed hydra
 21492 | Lair:4   | Found a staircase to the Swamp.
 21538 | Lair:4   | Received a gift from Trog
 21705 | Lair:4   | Noticed a seven-headed hydra
 21712 | Lair:4   | Killed a seven-headed hydra
 22271 | Lair:5   | Noticed a five-headed hydra
 22320 | Lair:4   | Killed a five-headed hydra
 22320 | Lair:4   | Reached skill level 10 in Fighting
 22649 | Lair:5   | Gained mutation: When low on magic, you restore magic in place of health. [demonic ancestry]
 22649 | Lair:5   | Reached XP level 13. HP: 63/103 MP: 9/16
 23220 | Lair:5   | Noticed Josephine
 23512 | Lair:5   | Noticed Snorg
 23529 | Lair:5   | Killed Snorg
 23882 | Lair:5   | Reached skill level 15 in Axes
 23966 | Lair:5   | Found a staircase to the Slime Pits.
 23968 | Lair:5   | Killed Josephine
 24389 | Lair:6   | Entered Level 6 of the Lair of Beasts
 27428 | Lair:6   | Reached ****** piety under Trog
 27673 | Lair:6   | Received a gift from Trog
 27834 | Lair:6   | Reached skill level 16 in Axes
 27834 | Lair:6   | Gained mutation: You resist negative energy. (rN+) [demonic ancestry]
 27834 | Lair:6   | Reached XP level 14. HP: 111/113 MP: 17/17
 28192 | D:9      | Found a staircase to the Orcish Mines.
 29031 | D:10     | Entered Level 10 of the Dungeon
 29276 | D:10     | Noticed slayr's ghost (journeyman DEFE)
 29289 | D:10     | Killed slayr's ghost
 29580 | D:10     | Received a gift from Trog
 29876 | Orc:1    | Entered Level 1 of the Orcish Mines
 30457 | Orc:2    | Entered Level 2 of the Orcish Mines
 30561 | Orc:2    | Noticed a stone giant
 30580 | Orc:2    | Killed a stone giant
 30729 | Orc:2    | Found a roughly hewn altar of Beogh.
 30949 | Orc:2    | Found a roughly hewn altar of Beogh.
 31364 | Orc:2    | Found a staircase to the Elven Halls.
 31392 | Orc:1    | Found Ivuupluk's General Store.
 31723 | Orc:1    | Bought a scroll of blinking for 97 gold pieces
 32049 | Orc:2    | Paralysed by an orc sorcerer for 2 turns
 32052 | Orc:2    | Received a gift from Trog
 32633 | Orc:2    | Reached skill level 10 in Armour
 33086 | Orc:2    | Found Heqynehy's Jewellery Boutique.
 33159 | Orc:2    | Found Vog Zeko's Antique Armour Emporium.
 33160 | Orc:2    | Found Jiegibb's Distillery.
 33161 | Orc:2    | Found Yhin Qia's Assorted Antiques.
 33179 | Orc:2    | Bought a pair of embroidered gloves for 162 gold pieces
 33187 | Orc:2    | Bought a potion of might for 144 gold pieces
 33187 | Orc:2    | Bought a scroll of teleportation for 108 gold pieces
 33919 | D:11     | Found Ihialug's Armour Shoppe.
 33942 | D:11     | Noticed Grum
 33949 | D:11     | Killed Grum
 34447 | D:12     | Reached skill level 17 in Axes
 35309 | D:12     | Received a gift from Trog
 35393 | D:12     | Got a translucent triple sword {god gift}
 35394 | D:12     | Identified the +7 triple sword of Trog's Delight {freeze, +Fly Str+4 Dex-4 Stlth+} (Trog gifted it to you on level 12 of the Dungeon)
 36556 | D:13     | Noticed JustSomeDude's ghost (journeyman DsFi)
 36568 | D:13     | Killed JustSomeDude's ghost
 36658 | D:13     | Noticed Kirke
 36785 | D:13     | Killed Kirke
 36785 | D:13     | Reached XP level 15. HP: 111/122 MP: 14/18
 37265 | D:13     | Received a gift from Trog
 38569 | D:13     | Got a pair of steaming boots
 39111 | Swamp:1  | Entered Level 1 of the Swamp
 39357 | Swamp:1  | Noticed a thorn hunter
 39382 | Swamp:1  | Killed a thorn hunter
 41152 | Swamp:1  | Identified a scroll of acquirement
 41153 | Swamp:1  | Got a pitted brass ring
 41155 | Swamp:1  | Identified the ring of Makhleb's Generosity {+Fly rPois rC+ rN++} (You acquired it on level 1 of the Swamp)
 41440 | Swamp:2  | Received a gift from Trog
 42587 | Swamp:3  | Noticed Jorgrun
 42589 | Swamp:3  | Noticed a thorn hunter
 42593 | Swamp:3  | Killed Jorgrun
 42601 | Swamp:3  | Gained mutation: You have very sharp fingernails. [demonic ancestry]
 42601 | Swamp:3  | Reached XP level 16. HP: 33/132 MP: 6/19
 42978 | Swamp:3  | Got a translucent copper amulet
 42979 | Swamp:3  | Identified the amulet "Musitoyd" {RegenMP MR+ Slay+2} (You found it on level 3 of the Swamp)
 43098 | Swamp:3  | Reached skill level 18 in Axes
 43115 | Swamp:3  | Killed a thorn hunter
 43745 | Swamp:3  | Noticed a thorn hunter
 43759 | Swamp:3  | Killed a thorn hunter
 44049 | Swamp:3  | Got a scintillating turquoise ring
 44068 | Swamp:3  | Identified the ring "Ehitoist" {Wiz +Inv rF- Str+9 Dex+2} (You found it on level 3 of the Swamp)
 45265 | Swamp:3  | Upgraded the game from 0.19-a0-1225-gf887c1c to 0.19-a0-1254-gb9c29c0
 45266 | Swamp:4  | Entered Level 4 of the Swamp
 47251 | Swamp:4  | Noticed the 27-headed Lernaean hydra
 47748 | Snake:1  | Entered Level 1 of the Snake Pit
 48578 | Snake:1  | Received a gift from Trog
 49145 | Snake:1  | Noticed Rupert
 49164 | Snake:1  | Killed Rupert
 49164 | Snake:1  | Reached skill level 15 in Fighting
 50144 | Snake:2  | Reached XP level 17. HP: 123/142 MP: 17/20
 51226 | Snake:3  | Received a gift from Trog
 52059 | Snake:3  | Reached skill level 19 in Axes
 52121 | Snake:3  | Noticed Donald
 52130 | Snake:3  | Killed Donald
 52839 | Snake:3  | Found Joegh's Antique Armour Shoppe.
 54673 | Snake:3  | Received a gift from Trog
 55374 | Snake:4  | Entered Level 4 of the Snake Pit
 56216 | Snake:4  | Noticed Vashnia
 56410 | Snake:4  | Identified a -3 rod of clouds (13/13) (You found it on level 3 of the Snake Pit)
 56718 | Snake:4  | Gained mutation: You have claws for hands. [demonic ancestry]
 56718 | Snake:4  | Reached XP level 18. HP: 93/152 MP: 15/21
 56740 | Snake:4  | Killed Vashnia
 58253 | Snake:4  | Reached skill level 15 in Armour
 58444 | Snake:4  | Received a gift from Trog
 60592 | Snake:4  | Reached skill level 20 in Axes
 61401 | Snake:4  | Received a gift from Trog
 61431 | Snake:4  | Got an encrusted hand axe {god gift}
 61442 | Snake:4  | Identified the +2 hand axe of Orb Guardian's Bane {antimagic, rF+ MR- Dex+4} (Trog gifted it to you on level 4 of the Snake Pit)
 61818 | Snake:4  | Got a serpentine rune of Zot
 62066 | Swamp:4  | Killed the 24-headed Lernaean hydra
 63059 | Swamp:4  | Reached XP level 19. HP: 155/161 MP: 22/22
 63227 | Swamp:4  | Got a decaying rune of Zot
 63696 | D:14     | Found a gate to the Vaults.
 63956 | D:14     | Found a stormy altar of Qazlal.
 64533 | D:14     | Found Gulailaa's Magic Scroll Emporium.
 64536 | D:14     | Bought a scroll of acquirement for 676 gold pieces
 64900 | D:15     | Entered Level 15 of the Dungeon
 64990 | D:15     | Reached skill level 5 in Evocations
 65174 | D:15     | Received a gift from Trog
 65992 | D:15     | Found a staircase to the Depths.
 66076 | Vaults:1 | Entered Level 1 of the Vaults
 66516 | Vaults:1 | Received a gift from Trog
 66598 | Vaults:1 | Found Fietaptu's Weapon Boutique.
 66884 | Vaults:1 | Found Hycryol's Antique Armour Boutique.
 67808 | Vaults:1 | Found Covupsuo's Magic Scroll Emporium.
 67812 | Vaults:1 | Bought a scroll of blinking for 97 gold pieces
 67944 | Vaults:2 | Found Wuejar's Book Boutique.
 67952 | Vaults:2 | Found Qorelira's Jewellery Shop.
 68009 | Vaults:2 | Found Kyfo's General Store.
 68085 | Vaults:2 | Found Wudwust's Antique Weapon Boutique.
 68176 | Vaults:2 | Received a gift from Trog
 68266 | Vaults:2 | Found a flickering gateway to a bazaar.
 68278 | Bazaar   | Entered a bazaar
 68405 | Bazaar   | Found Laitara's Weapon Shop.
 68409 | Bazaar   | Found Uvimiq's Jewellery Boutique.
 68423 | Bazaar   | Found Vofabon's Distillery.
 68430 | Bazaar   | Bought a potion of heal wounds for 55 gold pieces
 68430 | Bazaar   | Bought a potion of heal wounds for 55 gold pieces
 68430 | Bazaar   | Bought a potion of haste for 110 gold pieces
 68431 | Bazaar   | Found Jutwel's Assorted Antiques.
 68438 | Bazaar   | Bought a scroll of enchant armour for 202 gold pieces
 68440 | Bazaar   | Found Vaisid's Assorted Antiques.
 69229 | Vaults:2 | Gained mutation: You are somewhat able to resist unholy torments (1 in 2 success). [demonic ancestry]
 69229 | Vaults:2 | Reached XP level 20. HP: 132/171 MP: 20/25
 69735 | Vaults:2 | HP: 5/258 [war gargoyle/flail (9)]
 69736 | Vaults:2 | Received a gift from Trog
 69738 | Vaults:2 | Slain by a vault warden

Vault maps used:
D:1:      dpeg_arrival_round_b, supply_closet_lemuel, roderic_serpentine_path,
          kennysheep_small_spiral, minmay_misc_feat_four_crosses
D:2:      grunt_gozag_statues
D:3:      nicolae_dithmenos_through_a_glass_darkly
D:4:      wad_lake_hut, serial_shops, nicolae_shop_competitors_out_of_business,
          kennysheep_mini_moat, nicolae_shop_trees, shop,
          kennysheep_generic_room_6
D:5:      kennysheep_spiral_hall, okawaru_trees_2, first_bread
D:6:      dancing_weapons_uskayaw, fiery_altar_vehumet, serial_shops, shop,
          centaur_isle, uniq_sigmund, uniq_menkaure
D:7:      elyvilon_altar_5, basic_altar, serial_shops, shop, uniq_prince_ribbit1
D:8:      lair_0_dummy, serial_glass, glass_columns_c, glass_columns_c,
          basic_altar, blue_anna_alchemist
D:9:      orc_0_dummy, st_stairs_8
D:10:     serial_column_ruins, column_ruins_hut, column_ruins_square_huge,
          column_ruins_columns_straight, column_ruins_grid_1,
          column_ruins_open_small, column_ruins_grid_2, column_ruins_open_tiny
D:11:     serial_shops, nicolae_shop_trees, uniq_grum
D:12:     nicolae_two_hexagons, bh_walls_and_bars
D:13:     fort_yaktaur, serial_shops, statue_bzr, uniq_kirke
D:14:     david_vaults_2, serial_shops, nicolae_shop_window_shopping,
          hangedman_decor_clover_reticule, david_defended_altar_elf
D:15:     hangedman_depths_entry_try_elsewhere_first, minmay_strange_pillars
Lair:1:   lightli_volcano_entry_magma_tube
Lair:2:   beast_lair_carwin_large_4, infiniplex_staircase_pool,
          grunt_megastairs_4, uniq_fannar
Lair:3:   guppyfry_snake_entry_garden, infiniplex_staircase_pool_2
Lair:4:   minmay_swamp_entry_reptiles, grunt_forest_stairs_basic,
          serial_bayou_lagoon_b
Lair:5:   slime_dummy, uniq_josephine, uniq_snorg
Lair:6:   hangedman_lair_tendril_chambers, serial_bayou_shore_b
Swamp:1:  evilmike_swamp_ruin_house_4
Swamp:2:  evilmike_swamp_ruin_rubble_1, nicolae_swamp_baby_hydras
Swamp:3:  nicolae_swamp_round_clearing, swamp_pool5, uniq_jorgrun
Swamp:4:  swamp_old_school
Snake:1:  uniq_rupert
Snake:2:  spider_trap
Snake:3:  serial_shops, shop, serial_bayou_shore_b, uniq_donald
Snake:4:  snake_pit, st_stairs_9, uniq_vashnia
Orc:1:    serial_shops, shop
Orc:2:    st_orc_elflike, basic_altar, minmay_orc_temple_a
Vaults:1: ontoclasm_vaults_decontamination, ontoclasm_vaults_pinch,
          st_spiral_rooms, vaults_room_stairs_pillars,
          nicolae_vaults_mini_display_case, vaults_dpeg_encased_lava,
          hangedman_vaults_stagger, v_misc_4, nicolae_vaults_alarming,
          v_misc_14, nicolae_vaults_yaktaur_gun_rack, ontoclasm_vaults_gateway,
          vaults_room_semicircle, vaults_dpeg_doors, hangedman_vaults_trim,
          serial_shops, shop, shop, shop
Vaults:2: nicolae_vaults_network_periphery, ontoclasm_vaults_eye,
          nicolae_vaults_shelves_hall, vaults_room_hangedman_quadrants,
          vaults_room_octagon, nicolae_vaults_network_barrier,
          hangedman_vaults_unwind, v_misc_1, nicolae_vaults_specimen_jars,
          nicolae_vaults_ring_of_whatevers, serial_shops, bzr_firewalk,
          nicolae_shop_stone, shop, nicolae_shop_trees,
          nicolae_shop_competitors_out_of_business
Bazaar:   bazaar_kb_twisted_cavern

Skill      XL: |  1  2  3  4  5  6  7  8  9 10 11 12 13 14 15 16 17 18 19 |
---------------+----------------------------------------------------------+-----
Axes           | 3 4 5 6 8 9 10 12 13 14 16 17 18 19 20 | 20.9
Armour         | 2 4 5 6 7 9 10 12 13 14 15 16 | 16.6
Fighting       | 4 5 7 8 10 11 12 13 15 16 17 18 | 18.4
Dodging        | 3 5 6 |  6.6
Evocations     | 2 4 7 |  7.6

Action                   |  1- 3 |  4- 6 |  7- 9 | 10-12 | 13-15 | 16-18 | 19-21 || total
-------------------------+-------+-------+-------+-------+-------+-------+-------++-------
Melee: Hand axe          |   129 |   275 |   154 |       |       |       |       ||   558
       Kick              |    18 |    93 |   149 |   239 |   434 |   609 |   285 ||  1827
       Battleaxe         |       |       |   329 |   529 |    11 |       |       ||   869
       Morningstar       |       |       |       |    59 |    47 |    33 |       ||   139
       Executioner's axe |       |       |       |    47 |  1155 |  1391 |   718 ||  3311
Throw: Tomahawk          |       |       |       |     2 |     2 |     4 |       ||     8
       Throwing net      |       |       |       |     2 |       |       |       ||     2
Invok: Berserk           |     5 |     2 |    14 |     5 |     9 |     7 |     2 ||    44
       Burn Spellbooks   |       |       |     2 |       |     1 |       |       ||     3
       Trog's Hand       |       |       |     1 |     3 |     4 |     3 |     2 ||    13
       Brothers in Arms  |       |       |       |       |       |     1 |       ||     1
 Abil: Evoke Flight      |       |       |       |       |     1 |       |       ||     1
Evoke: Wand              |       |       |    12 |    20 |    10 |     3 |     2 ||    47
       Rod               |       |       |       |       |       |     1 |       ||     1
  Use: Scroll            |       |     3 |     4 |     4 |    31 |    11 |     3 ||    56
       Potion            |       |       |     8 |     1 |     2 |     7 |     1 ||    19
 Stab: Invisible         |       |       |     1 |       |       |       |       ||     1
       Paralysed         |       |       |       |     3 |       |       |       ||     3
       Held in net/web   |       |       |       |     1 |       |       |       ||     1
       Distracted        |       |       |       |       |       |     1 |       ||     1
  Eat: Chunk             |    10 |     9 |    18 |    31 |    67 |    12 |    24 ||   171
       Fruit             |       |       |     2 |     1 |     3 |     3 |       ||     9
       Meat ration       |       |       |     3 |       |     1 |    11 |       ||    15
       Beef jerky        |       |       |     1 |     2 |     2 |       |       ||     5
       Royal jelly       |       |       |     1 |     3 |     1 |     2 |       ||     7
       Pizza             |       |       |       |       |     1 |       |       ||     1
Armor: Scale mail        |    48 |       |       |       |       |       |       ||    48
       Chain mail        |     3 |   161 |   249 |       |       |       |       ||   413
       Plate armour      |       |       |    50 |    57 |   808 |   886 |   309 ||  2110
       Ring mail         |       |       |       |   344 |       |       |       ||   344
Dodge: Dodged            |    71 |   123 |   250 |   532 |   765 |  1257 |   452 ||  3450
       Deflected         |       |       |       |       |       |   180 |    47 ||   227
